AoeStats
← CNZS_DongHaiDi

Hideout

503603382Analyzed
4v4 RM · 1mo ago on Sep 1, 2026· 56m 16s· 8 players
Game mode
Random Map
Map size
Large (8 player)
Population
200
Speed
Normal
Resources
Standard
Victory
Conquest
Starting age
Dark Age
Ending age
Imperial Age
RankedLock teamsTeams togetherTeam positionsShared explorationLock speedFull tech treeHidden civsTurbo modeCheats
Victory
Defeat
🇨🇳 Turks · China
2024
+14
🇨🇳 Dravidians · China
1962
+17
🇨🇳 Koreans · China
1961
+17
🇮🇳 Celts · India
1854
+22
🇨🇿 Bulgarians · Czechia
2031
-20
🇩🇪 Romans · Germany
2017
-19
🇩🇪 Teutons · Germany
1984
-18
🇩🇪 Magyars · Germany
1922
-15
CNZS_Dadaya
10:50 Feudal Age
11:41 Double-Bit Axe
14:34 Castle Age
13:14 Horse Collar
22:58 Bow Saw
24:10 Wheelbarrow
24:57 Gold Mining
25:21 Scale Barding Armor
25:49 Bloodlines
25:44 Loom
27:06 Hand Cart
26:48 Town Watch
30:57 Imperial Age
28:33 Fletching
28:48 Husbandry
29:06 Padded Archer Armor
29:25 Thumb Ring
29:41 Bodkin Arrow
30:01 Heavy Plow
30:33 Ballistics
31:17 Sipahi
30:59 Heavy Cavalry Archer
31:43 Bracer
32:45 Gold Shaft Mining
32:46 Parthian Tactics
33:55 Leather Archer Armor
34:13 Conscription
34:16 Chain Barding Armor
34:06 Forging
36:27 Plate Barding Armor
36:23 Ring Archer Armor
37:28 Iron Casting
37:21 Caravan
38:02 Artillery
40:53 Coinage
43:09 Blast Furnace
49:16 Bombard Tower
49:07 Masonry
54:05 Architecture
53:15 Treadmill Crane
56:00 Guilds
呜呜呜急死了
10:20 Feudal Age
14:19 Castle Age
12:24 Double-Bit Axe
12:45 Horse Collar
15:18 Bow Saw
16:29 Wheelbarrow
17:52 Loom
23:11 Town Watch
24:55 Wheelbarrow
29:01 Imperial Age
27:35 Hand Cart
27:16 Stone Mining
27:16 Gold Mining
27:37 Fletching
28:11 Ballistics
28:06 Fortified Wall
28:47 Medical Corps
28:57 Bodkin Arrow
29:03 Padded Archer Armor
29:29 Elite Elephant Archer
30:19 Heavy Plow
31:16 Conscription
32:36 Chemistry
31:54 Bracer
32:34 Husbandry
33:41 Leather Archer Armor
33:58 Thumb Ring
35:26 Masonry
35:55 Ring Archer Armor
36:37 Caravan
40:41 Two-Man Saw
41:36 Coinage
41:49 Hoardings
44:03 Banking
45:09 Guilds
注水猪肉
7:12 Loom
9:35 Feudal Age
14:54 Castle Age
14:04 Double-Bit Axe
14:00 Horse Collar
21:56 Bow Saw
27:42 Wheelbarrow
27:17 Town Watch
29:37 Hand Cart
29:53 Gold Mining
29:53 Stone Mining
35:38 Imperial Age
33:53 Scale Mail Armor
34:04 Forging
34:17 Caravan
34:47 Coinage
34:16 Fletching
34:38 Squires
34:23 Arson
34:37 Pikeman
36:00 Bodkin Arrow
37:10 Conscription
38:23 Chemistry
37:44 Ballistics
38:07 Bracer
38:34 Eupseong
38:37 Heavy Rocket Cart
39:49 Halberdier
48:45 Chain Mail Armor
50:42 Plate Mail Armor
50:48 Iron Casting
49:47 Elite Fire Lancer
52:01 Siege Engineers
52:01 Arrowslits
52:28 Masonry
CNZS_DongHaiDi
10:05 Feudal Age
13:39 Castle Age
12:12 Double-Bit Axe
19:43 Bow Saw
20:19 Wheelbarrow
23:05 Horse Collar
24:07 Heavy Plow
25:25 Hand Cart
28:53 Imperial Age
27:34 Gold Mining
29:03 Gold Shaft Mining
28:19 Stone Mining
28:43 Scale Mail Armor
28:54 Forging
28:41 Town Watch
28:42 Loom
28:24 Pikeman
29:50 Chain Mail Armor
29:05 Onager
30:34 Siege Onager
32:36 Plate Mail Armor
32:49 Siege Engineers
33:05 Ballistics
33:46 Chemistry
33:49 Furor Celtica
34:24 Iron Casting
33:51 Loom
33:37 Halberdier
36:10 Blast Furnace
35:45 Conscription
35:18 Capped Ram
36:22 Guilds
37:24 Arson
37:07 Siege Ram
39:27 Coinage
40:46 Banking
41:36 Caravan
43:36 Masonry
43:06 Treadmill Crane
44:08 Stone Shaft Mining
44:54 Fletching
49:50 Elite Woad Raider
51:16 Hoardings
RoR | Smokealot
10:26 Feudal Age
14:11 Castle Age
12:16 Double-Bit Axe
12:46 Horse Collar
15:35 Bow Saw
23:08 Gold Mining
23:35 Heavy Plow
24:15 Wheelbarrow
23:42 Loom
25:33 Hand Cart
29:30 Imperial Age
27:25 Squires
27:10 Arson
27:11 Gambesons
27:38 Forging
27:28 Scale Mail Armor
27:38 Forging
27:28 Scale Mail Armor
27:33 Town Watch
29:29 Chain Mail Armor
29:49 Iron Casting
29:29 Chain Mail Armor
29:49 Iron Casting
29:14 Stone Mining
29:35 Elite Teutonic Knight
31:37 Blast Furnace
31:07 Plate Mail Armor
31:37 Blast Furnace
31:07 Plate Mail Armor
31:19 Plate Mail Armor
31:47 Stone Shaft Mining
32:33 Conscription
32:10 Pikeman
33:55 Chemistry
33:45 Crop Rotation
34:15 Two-Man Saw
32:46 Halberdier
33:46 Fletching
33:56 Padded Archer Armor
35:35 Crenellations
34:52 Onager
38:42 Siege Engineers
39:00 Bombard Tower
39:02 Ballistics
38:39 Bodkin Arrow
39:00 Leather Archer Armor
43:26 Siege Onager
45:02 Ironclad
55:34 Caravan
55:45 Guilds
Yuki
6:17 Loom
8:29 Feudal Age
9:13 Man-at-Arms
23:40 Castle Age
21:36 Horse Collar
22:08 Double-Bit Axe
24:35 Bow Saw
26:47 Wheelbarrow
29:29 Gold Mining
30:19 Hand Cart
33:32 Town Watch
36:22 Imperial Age
35:03 Ballistics
35:11 Pikeman
35:51 Squires
35:18 Long Swordsman
35:59 Squires
36:23 Scale Mail Armor
36:55 Caravan
36:55 Heavy Scorpion
38:37 Chain Mail Armor
38:33 Forging
38:25 Capped Ram
39:35 Ballistas
39:52 Conscription
41:31 Chemistry
41:00 Guilds
41:20 Coinage
40:22 Pikeman
41:55 Iron Casting
41:51 Siege Ram
42:37 Halberdier
43:59 Legionary
47:46 Heavy Plow
57:05 Blast Furnace
RoR | Klobaska
10:09 Feudal Age
14:05 Castle Age
12:17 Horse Collar
12:42 Double-Bit Axe
15:18 Bow Saw
17:57 Loom
23:34 Wheelbarrow
23:05 Heavy Plow
25:01 Wheelbarrow
29:53 Imperial Age
27:09 Town Watch
27:39 Hand Cart
27:30 Scale Barding Armor
27:50 Forging
27:50 Stone Mining
27:50 Gold Mining
28:33 Bloodlines
28:39 Husbandry
29:19 Chain Barding Armor
29:53 Iron Casting
31:31 Plate Barding Armor
32:08 Gold Shaft Mining
31:27 Elite Konnik
32:30 Conscription
33:26 Blast Furnace
33:06 Scale Mail Armor
33:29 Fletching
34:02 Chain Mail Armor
34:10 Bodkin Arrow
34:37 Ballistics
35:17 Chemistry
34:24 Siege Engineers
34:42 Masonry
34:36 Bracer
35:07 Plate Mail Armor
37:08 Squires
36:53 Arson
37:58 Architecture
38:28 Chemistry
41:20 Caravan
42:10 Light Cavalry
42:52 Hussar
45:08 Stirrups
Imperio_cc
9:08 Feudal Age
9:36 Feudal Age
10:11 Double-Bit Axe
11:23 Fletching
11:25 Horse Collar
16:00 Wheelbarrow
19:57 Castle Age
18:08 Horse Collar
19:58 Crossbowman
20:34 Bodkin Arrow
20:53 Bow Saw
23:56 Loom
24:16 Gold Mining
24:54 Gold Mining
31:21 Imperial Age
29:42 Ballistics
29:41 Heavy Plow
30:30 Padded Archer Armor
30:49 Stone Mining
31:34 Gold Shaft Mining
30:52 Stone Mining
31:25 Elite Skirmisher
32:07 Bracer
32:43 Parthian Tactics
32:43 Hand Cart
32:16 Town Watch
33:13 Thumb Ring
34:00 Leather Archer Armor
35:59 Heavy Cavalry Archer
42:03 Chemistry
40:49 Light Cavalry
41:39 Bloodlines
41:31 Elite Skirmisher
42:42 Ring Archer Armor
43:43 Husbandry
43:50 Scale Barding Armor
45:15 Hussar
46:31 Caravan
49:49 Chain Barding Armor
49:47 Hand Cart
51:58 Coinage
54:04 Plate Barding Armor
Connection lost

Rejoining the realm…

Still unreachable

The connection could not be restored.

Session expired

The server has moved on; the page needs a fresh start.